cohdb
Replays
Latest Replays
All Replays
Popular Replays
Top Player Replays
Match Explorer
How It Works
Community
CoH3 Stats
Reddit
Sign in to upload your games and track your stats! →
Sign in with Steam
Match 40707939
Unlisted
Match 40707939
Overview
Messages
Build Orders
End
Construct Infanterie Kompanie
Kettenkrad Recon Vehicle
Selects Breakthrough Battlegroup
Selects Assault Grenadiers
Grenadier Squad
MG 42 Machine Gun Team
Grenadier Squad
Medical Station
Construct Panzergrenadier Kompanie
Selects Breakthrough
Panzergrenadier Squad
Pak 40 Anti-tank Gun Team
Panzergrenadier Officer Quarters
Breakthrough
Selects 2.5-tonne Cargo Truck
2.5-tonne Cargo Truck
Pioneer Squad
Panzergrenadier Squad
Selects Incendiary Bombing Run
Selects Mechanized Assault Group
Mechanized Assault Group
Pak 40 Anti-tank Gun Team
Breakthrough
Construct Panzer Kompanie
Panzer Officer Quarters
Breakthrough
Panzer IV Medium Tank
Panzer IV Medium Tank
Support Elements
Pioneer Squad
Pioneer Squad
Selects Blitzkrieg
Panzer IV Medium Tank
Selects Tiger Heavy Tank
Dino75195
Facki
Sarmynation
Bars
0
0
Comments
sign in to comment!
No comments posted yet!